Map: Orbital Shipyard

Players

qxc - Winner!

  • Race: Terran Terran
  • League: Master

Couguar

  • Race: Protoss Protoss
  • League: Master

VOD

Have the link to the VOD?

Description

Time

  • Played on: Sept. 5, 2015, 6:04 p.m.
  • Length: 15:56
Show
View Real Time Build Order
Export as new Build Order

qxc Terran - Winner!

Build Orders: MMM Bio 

Get SALT Encoding   

  12  0:00  SCV  
  13  0:12  SCV  
  14  0:17  Supply Depot  
  14  0:25  SCV  
  15  0:39  SCV  
  15  0:42  Barracks  
  16  0:44  Refinery  
  16  0:51  SCV  
  17  1:03  SCV  
  18  1:15  SCV  
  19  1:28  Orbital Command  
  19  1:29  Barracks Reactor  
  19  1:40  Command Center  
  19  1:54  Supply Depot, SCV  
  20  2:05  Marine  
  20  2:06  SCV, Reaper  
  23  2:18  SCV  
  24  2:23  Marine  
  24  2:26  Factory  
  25  2:30  SCV  
  26  2:37  Marine  
  26  2:42  SCV  
  26  2:43  Marine  
  29  2:47  Refinery  
  29  2:51  Bunker  
  29  2:54  SCV  
  29  2:55  Orbital Command  
  29  2:56  Marine  
  31  3:01  Marine  
  32  3:06  SCV  
  32  3:09  Factory Tech Lab  
  33  3:14  Marine  
  33  3:19  SCV, Marine  
  35  3:29  SCV  
  35  3:30  Cyclone  
  35  3:31  SCV  
  40  3:34  Marine  
  40  3:37  Marine  
  40  3:38  Supply Depot  
  42  3:41  SCV  
  42  3:43  SCV  
  42  3:46  Mag-Field Accelerator  
  43  3:53  Marine  
  43  3:54  SCV, Marine  
  43  3:55  Barracks  
  46  4:00  SCV  
  47  4:06  SCV  
  48  4:12  SCV  
  48  4:16  Marine x2  
  48  4:17  Cyclone  
  54  4:23  Supply Depot  
  54  4:24  SCV x2, Supply Depot  
  56  4:36  SCV  
  56  4:37  Marine x2  
  59  4:38  Barracks  
  59  4:41  SCV, Engineering Bay  
  60  4:48  SCV  
  60  4:50  Cyclone  
  60  4:51  Barracks Tech Lab  
  64  4:53  SCV  
  64  4:54  Marine  
  64  4:55  Marine  
  64  4:58  Supply Depot  
  67  5:00  SCV, Refinery  
  67  5:05  SCV  
  69  5:11  Stimpack, Marine  
  69  5:12  SCV  
  71  5:14  Marine x2  
  71  5:15  Command Center  
  73  5:21  SCV  
  73  5:22  Missile Turret  
  73  5:24  Missile Turret  
  73  5:26  SCV  
  75  5:28  Terran Infantry Weapons Level 1  
  75  5:29  Marine  
  75  5:32  Missile Turret  
  75  5:34  SCV  
  75  5:35  Marine x2  
  79  5:39  SCV, Refinery  
  79  5:42  Starport  
  80  5:44  Marine  
  80  5:46  SCV, Marine  
  80  5:49  Factory Reactor  
  83  5:51  SCV  
  83  5:53  Marine x2  
  83  5:54  Missile Turret  
  86  5:58  Supply Depot  
  86  6:02  Combat Shields  
  86  6:17  Supply Depot  
  86  6:18  Supply Depot  
  86  6:19  SCV x2, Marine x2  
  86  6:20  Marauder x2  
  94  6:27  Orbital Command  
  94  6:31  Medivac x2  
  94  6:32  SCV x2  
  100  6:37  Factory Reactor  
  100  6:40  Marine x2  
  100  6:42  Barracks  
  100  6:43  Barracks  
  100  6:44  SCV  
  100  6:45  Marauder x2  
  100  6:46  SCV  
  107  6:48  Orbital Command  
  107  6:56  SCV  
  107  6:59  SCV  
  109  7:01  Medivac  
  109  7:02  Medivac  
  109  7:06  Marine  
  109  7:07  Marauder, Marine  
  109  7:08  Marauder  
  119  7:09  SCV  
  119  7:13  SCV  
  119  7:14  SCV  
  122  7:20  Widow Mine  
  122  7:21  SCV  
  125  7:23  Supply Depot  
  125  7:26  Terran Infantry Armor Level 1  
  125  7:27  Supply Depot  
  125  7:29  Supply Depot  
  125  7:30  Supply Depot  
  125  7:34  Widow Mine  
  125  7:35  SCV x2  
  125  7:39  SCV  
  116  7:47  SCV  
  116  7:48  SCV  
  116  7:49  Marine x2, Orbital Command  
  116  7:50  Marine, Marauder x2  
  112  7:51  Marine  
  103  8:00  SCV  
  103  8:05  SCV  
  100  8:06  Missile Turret  
  100  8:07  Marine  
  100  8:08  Missile Turret, Marine  
  100  8:11  Marauder x2  
  100  8:12  SCV, Barracks Tech Lab x2  
  106  8:14  Barracks Reactor  
  106  8:15  SCV  
  106  8:17  SCV  
  107  8:24  SCV  
  107  8:25  Marine x2  
  110  8:32  Marauder  
  112  8:39  Marauder x2  
  117  8:42  Widow Mine x2, Medivac x2  
  117  8:43  Marine  
  125  8:50  Marine  
  125  8:51  Armory, Engineering Bay, Marine x2  
  125  8:54  Marauder  
  130  8:58  Ghost Academy  
  130  9:00  Marauder x2  
  130  9:01  Marine  
  135  9:08  Marine x2  
  137  9:10  Orbital Command  
  137  9:11  Marine  
  137  9:15  Marauder  
  140  9:19  Marine  
  140  9:22  SCV x2, Marauder  
  139  9:34  SCV  
  139  9:37  Widow Mine x2  
  139  9:38  Medivac x2  
  143  9:39  SCV  
  143  9:42  Marauder x2, Marine x3  
  152  9:53  Terran Infantry Weapons Level 2, Terran Infantry Armor Level 2  
  152  9:54  Marauder  
  152  9:56  Command Center  
  152  10:02  Missile Turret  
  152  10:04  Marauder  
  152  10:06  Marauder  
  156  10:07  Missile Turret  
  156  10:09  Marine  
  157  10:16  Supply Depot  
  157  10:20  Refinery  
  157  10:30  Widow Mine x2  
  157  10:31  Marine x2  
  157  10:37  Marine  
  155  10:43  Ghost x3  
  155  10:44  Marine  
  155  10:49  Marine  
  152  10:58  Refinery  
  152  11:01  Marine  
  152  11:02  Command Center  
  152  11:03  Widow Mine  
  154  11:05  Barracks  
  154  11:06  Barracks  
  153  11:12  Ghost x2  
  153  11:13  Ghost  
  153  11:14  Marine x3  
  144  11:31  Marine x2  
  146  11:37  Liberator x2  
  146  11:39  Orbital Command  
  142  11:40  Ghost x2  
  142  11:41  Marine  
  142  11:42  Marine  
  143  12:01  Widow Mine x2  
  132  12:05  Marine  
  132  12:06  Marauder, Marine x2  
  132  12:08  Planetary Fortress  
  135  12:10  Marauder  
  135  12:11  Barracks Tech Lab  
  135  12:14  Marauder  
  135  12:17  Barracks Tech Lab  
  133  12:27  Concussive Shells  
  133  12:28  Missile Turret  
  133  12:30  Widow Mine x2  
  136  12:48  Marine  
  136  12:49  Marauder x2, Marine  
  138  12:58  Marine x2  
  138  12:59  Marauder x2  
  138  13:03  Marauder  
  138  13:04  Widow Mine x2  
  143  13:06  Marine x2  
  143  13:10  Marauder  
  143  13:12  Sensor Tower  
  144  13:24  Marauder x2, Marine x2  
  127  13:32  Planetary Fortress  
  127  13:34  Marine  
  127  13:35  Marauder x2, Marine  
  127  13:36  Marauder, Widow Mine x2  
  135  13:42  Marine x2  
  135  13:45  Marine  
  135  13:48  Marauder  
  138  13:52  Marine x2  
  140  13:56  Marauder, Marine  
  140  13:57  Marauder  
  140  14:00  Refinery  
  140  14:01  Refinery  
  145  14:03  SCV x3, Marauder  
  145  14:04  Missile Turret  
  149  14:13  Marine x2  
  149  14:14  Marine x3  
  149  14:15  SCV x2  
  155  14:20  SCV  
  154  14:26  SCV  
  154  14:27  SCV, Marauder, Marine x2  
  154  14:28  Marauder  
  159  14:31  Marine  
  159  14:32  Marine  
  159  14:33  SCV, Marauder, Marine x2  
  159  14:36  SCV  
  170  14:39  SCV  
  170  14:40  Missile Turret  
  170  14:41  SCV  
  174  14:46  Marauder x2  
  174  14:48  Marine  
  174  14:49  Marine, Marauder  
  174  14:50  Marine x3  
  183  14:54  Marauder  
  183  14:58  SCV, Missile Turret  
  183  14:59  SCV x2  
  188  15:01  Refinery x2  
  188  15:06  Marine  
  188  15:07  Marauder, Medivac, Marine  
  191  15:18  Marauder x2  
  195  15:27  Marine  
  195  15:37  Marine x3  
Show
View Real Time Build Order
Export as new Build Order

Couguar Protoss 

Build Orders: 1 Gate Expand 

Get SALT Encoding   

  12  0:00  Probe (Chrono Boost)  
  13  0:10  Probe (Chrono Boost)  
  14  0:17  Pylon  
  14  0:24  Probe (Chrono Boost)  
  15  0:35  Probe (Chrono Boost)  
  16  0:37  Gateway  
  16  0:45  Probe (Chrono Boost)  
  16  0:48  Assimilator  
  17  0:55  Probe (Chrono Boost)  
  18  1:05  Probe (Chrono Boost)  
  19  1:15  Probe (Chrono Boost)  
  20  1:26  Cybernetics Core  
  20  1:29  Probe (Chrono Boost)  
  21  1:37  Nexus  
  21  1:41  Probe (Chrono Boost)  
  22  1:47  Assimilator  
  22  1:51  Probe (Chrono Boost)  
  23  1:55  Pylon  
  23  2:13  Mothership Core (Chrono Boost), Adept  
  27  2:15  Warp Gate  
  27  2:20  Pylon  
  27  2:31  Probe (Chrono Boost)  
  28  2:40  Robotics Facility  
  28  2:46  Probe (Chrono Boost)  
  29  3:00  Probe (Chrono Boost)  
  29  3:01  Probe (Chrono Boost)  
  31  3:06  Adept  
  31  3:10  Probe (Chrono Boost)  
  31  3:11  Probe (Chrono Boost)  
  34  3:27  Probe x2 (Chrono Boost)  
  34  3:31  Observer  
  34  3:32  Stargate  
  37  3:37  Probe (Chrono Boost)  
  37  3:38  Probe (Chrono Boost)  
  37  3:41  Pylon  
  39  3:47  Probe (Chrono Boost)  
  39  3:48  Probe (Chrono Boost)  
  41  3:50  Pylon  
  41  3:51  Warp Prism  
  43  3:57  Probe (Chrono Boost)  
  43  3:58  Probe (Chrono Boost)  
  45  4:08  Probe x2 (Chrono Boost)  
  47  4:13  Gateway x2  
  47  4:17  Gateway  
  47  4:18  Probe (Chrono Boost)  
  47  4:21  Sentry  
  50  4:27  Void Ray  
  54  4:38  Probe (Chrono Boost)  
  54  4:39  Probe (Chrono Boost)  
  54  4:41  Pylon  
  54  4:44  Pylon  
  56  4:47  Assimilator  
  56  4:48  Gateway  
  56  4:52  Assimilator  
  56  4:56  Immortal  
  56  4:59  Probe x2 (Chrono Boost)  
  62  5:12  Probe (Chrono Boost)  
  62  5:13  Probe (Chrono Boost)  
  64  5:15  Twilight Council  
  64  5:19  Adept x3  
  64  5:20  Adept  
  72  5:24  Probe (Chrono Boost)  
  72  5:28  Pylon  
  73  5:31  Pylon  
  73  5:39  Pylon  
  73  5:41  Probe (Chrono Boost)  
  74  5:47  Forge  
  74  5:50  Adept x2  
  74  5:51  Adept  
  74  5:52  Adept  
  74  5:56  Blink (Chrono Boost)  
  82  6:03  Probe (Chrono Boost)  
  82  6:04  Probe (Chrono Boost), Dark Shrine  
  84  6:20  Nexus  
  84  6:24  Adept  
  84  6:25  Adept  
  87  6:34  Protoss Ground Weapons Level 1  
  87  6:38  Robotics Bay  
  87  6:44  Robotics Facility  
  87  6:47  Adept x2  
  91  6:57  Sentry  
  91  7:00  Zealot x2  
  95  7:04  Probe  
  95  7:07  Probe  
  97  7:09  Pylon  
  97  7:11  Pylon  
  97  7:12  Pylon  
  97  7:20  Adept x2  
  99  7:41  Sentry  
  99  7:42  Dark Templar  
  99  7:43  Dark Templar x2  
  91  7:59  Probe  
  91  8:01  Probe x2  
  94  8:06  Nexus, Assimilator  
  94  8:09  Probe  
  94  8:10  Assimilator  
  94  8:11  Probe, Assimilator  
  95  8:13  Probe  
  95  8:14  Assimilator  
  95  8:17  Sentry  
  95  8:19  Probe  
  97  8:23  Probe  
  97  8:26  Probe  
  100  8:27  Warp Prism x2  
  100  8:30  Probe  
  100  8:32  Adept  
  100  8:33  Adept  
  100  8:34  Probe  
  107  8:38  Probe  
  109  8:41  Probe  
  109  8:44  Probe  
  111  8:53  Photon Cannon  
  111  8:55  Photon Cannon  
  111  9:00  Shield Upgrade (Chrono Boost)  
  111  9:03  Disruptor x2  
  117  9:11  Photon Cannon  
  117  9:13  Photon Cannon  
  117  9:15  Zealot x4, Photon Cannon  
  125  9:24  Pylon  
  125  9:25  Dark Templar, Pylon  
  113  9:46  Stalker x4  
  121  10:03  Pylon  
  121  10:05  Pylon  
  115  10:07  Pylon  
  115  10:09  Photon Cannon  
  115  10:10  Protoss Ground Weapons Level 2  
  115  10:11  Probe  
  116  10:21  Probe  
  116  10:25  Stalker x4, Photon Cannon  
  116  10:27  Photon Cannon  
  125  10:31  Probe  
  123  10:38  Probe  
  123  10:42  Probe  
  121  10:45  Adept  
  116  10:52  Probe  
  116  10:55  Disruptor x2  
  113  10:58  Adept x4  
  111  11:08  Dark Templar  
  99  11:31  Mothership Core, Disruptor  
  99  11:32  Observer  
  97  11:34  Pylon  
  99  11:41  Probe x2  
  99  11:47  Stalker x2  
  99  11:48  Stalker x2  
  99  11:51  Probe  
  99  11:52  Colossus  
  99  11:54  Probe  
  105  12:01  Probe  
  105  12:03  Nexus  
  105  12:06  Probe  
  105  12:07  Observer  
  108  12:11  Probe  
  109  12:16  Zealot  
  109  12:17  Zealot x3  
  109  12:18  Probe  
  109  12:19  Charge (Chrono Boost)  
  109  12:21  Probe  
  117  12:30  Probe, Protoss Ground Weapons Level 3  
  117  12:32  Stalker  
  120  12:40  Stalker  
  120  12:41  Stalker  
  118  12:48  Assimilator  
  118  12:55  Stalker  
  118  12:56  Stalker x2  
  100  13:22  Dark Templar x2  
  87  13:35  Stalker x2  
  79  13:49  Adept  
  81  13:57  Disruptor  
  84  14:03  Stalker  
  84  14:04  Stalker  
  86  14:10  Nexus  
  86  14:16  Dark Templar  
  84  14:19  Zealot  
  84  14:22  Pylon  
  86  14:25  Pylon  
  86  14:26  Warp Prism  
  86  14:33  Gateway  
  86  14:35  Gateway  
  86  14:37  Gateway  
  86  14:39  Gateway  
  86  14:41  Zealot  
  86  14:48  Gateway  
  86  14:49  Gateway  
  85  14:53  Gateway  
  84  15:13  Pylon  
  84  15:14  Zealot  
  84  15:15  Pylon  
  75  15:38  Zealot x2  
  75  15:39  Zealot x3  
Tags
 
Add a new tag
Caveats
  • Supply blocks, unpowered buildings, or Contaminate may cause inaccurate times.
  • Supply counts are checked every 10 seconds.